 Dungeon Crawl Stone Soup version 0.17.1-3-g152610e (webtiles) character file.

4517 gjeerbe the Grappler (level 10, -2/104 HPs)
             Began as a Troll Monk on Mar 2, 2016.
             Slain by a yak (18 damage)
             ... on level 8 of the Dungeon on Mar 3, 2016.
             The game lasted 01:09:56 (8670 turns).

gjeerbe the Grappler (Troll Monk)                   Turns: 8670, Time: 01:09:56

Health: -2/104     AC:  8    Str: 24    XL:     10   Next: 17%
Magic:  9/9        EV: 13    Int:  6    God:
Gold:   416        SH:  0    Dex: 12    Spells: 0 memorised, 9 levels left

rFire  . . .     SeeInvis .       - Unarmed
rCold  . . .     Clarity  .     a - +2 robe
rNeg   . . .     SustAt   .     (no shield)
rPois  .         Gourm    +     (helmet restricted)
rElec  .         Spirit   .     j - +0 cloak
rCorr  .         Warding  .     (gloves unavailable)
rMut   .         Stasis   .     (boots unavailable)
MR     .....                    (no amulet)
Stlth  +.........               (no ring)
                                (no ring)

@: not resistant to hostile enchantments, very unstealthy
A: unfitting armour, claws 3, fast metabolism 3, gourmand, regeneration 2,
shaggy fur 1, tough skin 2
a: no special abilities


You were on level 8 of the Dungeon.
You were full.

You visited 1 branch of the dungeon, and saw 8 of its levels.

You collected 416 gold pieces.

Inventory:

Armour
 a - a +2 robe (worn)
 j - a +0 cloak (worn)
 l - a +0 robe
Jewellery
 r - an uncursed ring of poison resistance {unknown}
 E - a +4 ring of dexterity {unknown}
Wands
 d - a wand of confusion (19)
 f - a wand of draining (5)
 h - a wand of digging (5)
 o - a wand of digging (16)
 u - a wand of magic darts (20)
Scrolls
 e - a scroll of blinking
 g - 5 scrolls of identify
 p - 2 scrolls of enchant weapon {unknown}
 s - 3 scrolls of enchant armour
 w - 3 scrolls of teleportation {unknown}
 x - a scroll of fear
 y - 2 scrolls of noise {unknown}
 z - 2 scrolls of immolation
 C - 3 scrolls of remove curse
 D - a scroll of random uselessness {unknown}
Potions
 i - a potion of heal wounds
 k - a potion of agility
 m - 3 potions of haste
 n - a potion of berserk rage {unknown}
 q - a potion of might {unknown}
 t - 2 potions of brilliance {unknown}
 B - 2 potions of lignification {unknown}
 F - a potion of beneficial mutation {unknown}
 I - a potion of cancellation {unknown}
Books
 A - a book of Annihilations

   Spells                             Type                      Level
   a - Poison Arrow                   Conjuration/Poison           6
   b - Chain Lightning                Conjuration/Air              8
   c - Lehudib's Crystal Spear        Conjuration/Earth            8
   d - Glaciate                       Conjuration/Ice              9
   e - Fire Storm                     Conjuration/Fire             9
Comestibles
 b - 2 bread rations
 c - 2 meat rations
 v - 3 beef jerkies


   Skills:
 + Level 7.9 Fighting
 + Level 7.6 Dodging
 - Level 1.1 Stealth
 + Level 9.3 Unarmed Combat


You had 9 spell levels left.
You didn't know any spells.

Dungeon Overview and Level Annotations

Branches:
Dungeon (8/15)             Temple (0/1) D:5
   Lair: D:8-11

Altars:
Dithmenos
Elyvilon
Gozag
Qazlal

Shops:
D:6 :


Innate Abilities, Weirdness & Mutations

You are too large for most types of armour.
You have claws for hands.
Your metabolism is lightning-fast.
You like to eat raw meat.
You heal very quickly.
You are covered in fur (AC +1).
You have very tough skin (AC +2).


Message History

The yak is moderately wounded.
The bat hits you but does no damage. The river rat misses you.
You scratch the yak.
The yak is heavily wounded.
The bat closely misses you. x2
The rat barely misses you.
The yak snorts and paws the ground.
The yak gores you!
* * * LOW HITPOINT WARNING * * *
The river rat bites you.
* * * LOW HITPOINT WARNING * * *
The bat hits you but does no damage.
Drink which item? (? for menu, Esc to quit)
Okay, then.
Read which item? (? for menu, Esc to quit)
Okay, then.
Drink which item? (? for menu, Esc to quit)
You feel better. The bat misses you. The bat hits you but does no damage.
The bat misses you. The yak gores you!!
You die...

P.....P.P #....
.P.P.P... #....
..P.P.... #.... #....P.#
#.... ######.....# #....
#..........# ##...
##....rr....# #######..)
......b.r...+ ........†.
##....r@Y...######......
.......)b#####..........
..######(#####.###.....#
# #........# #####<.
#......†.### ###
##......[...#
#...#.......#
#.#.#.......#
#.###.......#


You could see a yak, a river rat, 2 bats and 3 rats.

Vanquished Creatures
  The ghost of MixedWithMadness the Poker, a novice HuFi of Ashenzari (D:6)
  An unseen horror (D:5)
  Pikel (D:7)
  Sigmund (D:2)
  5 yaks (D:7)
  A hungry ghost (D:7)
  A hippogriff (D:7)
  Duvessa (D:5)
  An orc warrior (D:7)
  A necrophage (D:6)
  4 centaurs
  A big kobold (D:7)
  5 giant frogs
  Dowan (D:5)
  2 jellies
  A gnoll shaman (D:5)
  3 hounds
  2 orc priests
  2 giant frog skeletons
  2 worker ants
  Terence (D:3)
  Natasha (D:3)
  6 orc wizards
  A worker ant zombie (D:7)
  Robin (D:3)
  7 adders
  6 gnolls
  3 shadow imps
  An ooze (D:1)
  An adder skeleton (D:7)
  A worm (D:3)
  7 giant geckos
  34 orcs
  6 giant cockroaches
  11 goblins
  8 hobgoblins
  10 jackals
  15 kobolds
  4 quokkas
  A ball python (D:5)
  11 bats
  A giant newt (D:1)
  9 rats
183 creatures vanquished.

Vanquished Creatures (others)
  A crimson imp (D:7)
1 creature vanquished.

Grand Total: 184 creatures vanquished

Notes
Turn   | Place    | Note
--------------------------------------------------------------
     0 | D:1      | gjeerbe the Troll Monk began the quest for the Orb.
     0 | D:1      | Reached XP level 1. HP: 22/22 MP: 0/0
   223 | D:1      | Reached XP level 2. HP: 26/29 MP: 1/1
   856 | D:1      | Reached XP level 3. HP: 36/36 MP: 2/2
  1547 | D:2      | Noticed Sigmund
  1563 | D:2      | Killed Sigmund
  1563 | D:2      | Reached skill level 5 in Unarmed Combat
  1563 | D:2      | Reached XP level 4. HP: 24/48 MP: 3/3
  1563 | D:2      | Reached XP level 5. HP: 27/54 MP: 4/4
  2624 | D:3      | Found a shadowy altar of Dithmenos.
  2796 | D:3      | Reached XP level 6. HP: 53/62 MP: 5/5
  2880 | D:3      | Noticed Natasha
  2919 | D:3      | Killed Natasha
  2923 | D:3      | Noticed Robin
  2923 | D:3      | Found a white marble altar of Elyvilon.
  2939 | D:3      | Found an opulent altar of Gozag.
  2956 | D:3      | Killed Robin
  3027 | D:3      | Noticed Terence
  3033 | D:3      | Killed Terence
  3607 | D:4      | Found a stormy altar of Qazlal.
  4291 | D:5      | Entered Level 5 of the Dungeon
  4505 | D:5      | Reached XP level 7. HP: 71/71 MP: 6/6
  4830 | D:5      | Found a staircase to the Ecumenical Temple.
  5022 | D:5      | Reached skill level 6 in Unarmed Combat
  5153 | D:5      | Noticed Dowan
  5154 | D:5      | Noticed Duvessa
  5166 | D:5      | Killed an unseen horror
  5166 | D:5      | Reached skill level 5 in Fighting
  5166 | D:5      | Reached skill level 5 in Dodging
  5166 | D:5      | Reached XP level 8. HP: 38/81 MP: 7/7
  5170 | D:5      | Killed Duvessa
  5189 | D:5      | Killed Dowan
  5189 | D:5      | Reached skill level 7 in Unarmed Combat
  5934 | D:6      | Found Gotaf Fog's Book Shop.
  5948 | D:6      | Noticed MixedWithMadness's ghost (novice HuFi)
  5962 | D:6      | Killed MixedWithMadness's ghost
  5962 | D:6      | Reached XP level 9. HP: 38/91 MP: 8/8
  6599 | D:6      | Reached skill level 8 in Unarmed Combat
  8079 | D:7      | Noticed Pikel
  8089 | D:7      | Killed Pikel
  8193 | D:7      | Reached skill level 9 in Unarmed Combat
  8201 | D:7      | Reached XP level 10. HP: 26/103 MP: 9/9
  8670 | D:8      | Slain by a yak

Action                   |  1- 3 |  4- 6 |  7- 9 | 10-12 || total
-------------------------+-------+-------+-------+-------++-------
Melee: Unarmed           |   121 |   153 |   241 |    45 ||   560
  Use: Scroll            |     4 |     5 |       |       ||     9
       Potion            |     4 |     1 |     2 |     1 ||     8
 Stab: Sleeping          |     2 |     3 |       |       ||     5
  Eat: Chunk             |    12 |    31 |    19 |     5 ||    67
       Fruit             |       |       |     7 |       ||     7
       Bread ration      |       |       |     2 |       ||     2
       Meat ration       |       |       |     1 |       ||     1
